 Dungeon Crawl Stone Soup version 0.31.0-11-ge490571c62 (webtiles) character file.

Game seed: 5558134896376063235

1 ProzacElf the Ducker (level 1, -1/14 HPs)
             Began as a Minotaur Hedge Wizard on Jan 26, 2024.
             Succumbed to a goblin's poison
             ... on level 1 of the Dungeon.
             The game lasted 00:00:31 (128 turns).

ProzacElf the Ducker (Minotaur Hedge Wizard)         Turns: 128, Time: 00:00:31

Health: -1/14      AC:  2    Str: 14    XL:     1   Next: 16%
Magic:  0/2        EV: 12    Int: 11    God:
Gold:   23         SH:  0    Dex:  9    Spells: 3/4 levels left

rFire   . . .        a - +0 dagger
rCold   . . .        (no shield)
rNeg    . . .        b - +0 robe
rPois   .            c - +0 hat
rElec   .            (no cloak)
rCorr   .            (no gloves)
SInv    .            (no boots)
Will    .....        (no amulet)
Stlth   +            (no ring)
HPRegen 0.22/turn    (no ring)
MPRegen 0.08/turn

%: no passive effects
@: lethally poisoned (-1 -> -12), hasted, very quick
A: horns 2, retaliatory headbutt
a: no special abilities


You were on level 1 of the Dungeon.
You visited 1 branch of the dungeon, and saw 1 of its levels.

You collected 23 gold pieces.

Inventory:

Hand Weapons
 a - a +0 dagger (weapon)
Armour
 b - a +0 robe (worn)
 c - a +0 hat (worn)
Potions
 d - a potion of magic
 e - a potion of haste


   Skills:
 - Level 2.1 Dodging
 - Level 1.5 Stealth
 - Level 2.1 Spellcasting
 + Level 0.6 Conjurations
 + Level 0.6 Summonings
 + Level 0.7 Translocations


You had 3 spell levels left.
You knew the following spells:

 Your Spells              Type           Power      Damage    Failure   Level
a - Magic Dart            Conj           8%         1d3       22%         1

Your spell library contained the following spells:

 Spells                   Type           Power      Damage    Failure   Level
 Slow                     Hex            4%         N/A       28%         1
 Blink                    Tloc           4%         N/A       32%         2
 Call Imp                 Summ           4%         N/A       32%         2
 Cigotuvi's Dreadful Rot  Necr/Alch/Air  2%         N/A       41%         2
 Mephitic Cloud           Conj/Alch/Air  1%         N/A       61%         3


Dungeon Overview and Level Annotations

Branches:
Dungeon (1/15)

Altars:


Innate Abilities, Weirdness & Mutations

You have a pair of horns on your head.
You reflexively headbutt those who attack you in melee.


Message History

Ye op'n tha door.
Found a stone staircase leadin' down.
Thar be an op'n door 'ere.
Found a whip.
A goblin comes inta view.
It be wieldin' a +0 dagger o' venom.
Tha goblin shouts!
A rat comes inta view.
Tha goblin hits ye wit' a +0 dagger o' venom.
Ye be poison'd.
Ye take 2 damage, an' haf 12/14 hp.
Ye hit tha goblin but do nay damage.
Ye feel very sick.
Tha goblin hits ye wit' a +0 dagger o' venom.
Ye take 5 damage, an' haf 7/14 hp.
MASSIVE DAMAGE!!
Ye be too injured ta fight recklessly!
Ye be too injured ta fight recklessly!
Ye be too injured ta fight recklessly!
Castin': Magic Dart (safe; 22% risk o' failure) Confirm wit' . or Enter, or press ? or * ta list all spells.
Aimin': Magic Dart (safe; 22% risk o' failure)
Press: ? - help, Shift-Dir - straight line, f - goblin
Aim: a goblin, wieldin' a +0 dagger o' venom (100% ta hit) Tha magic dart hits tha goblin.
Tha goblin be heavily wounded.
Ye feel sick.
Tha goblin hits ye wit' a +0 dagger o' venom.
Ye be more poison'd.
Ye take 2 damage, an' haf 5/14 hp.
Ye now haf 1/2 mp.
Castin': Magic Dart (safe; 22% risk o' failure) Confirm wit' . or Enter, or press ? or * ta list all spells.
Aimin': Magic Dart (safe; 22% risk o' failure)
Press: ? - help, Shift-Dir - straight line, f/p - goblin
Aim: a goblin, wieldin' a +0 dagger o' venom (heavily wounded, 100% ta hit) Tha magic dart hits tha goblin.
Ye kill tha goblin!
* * * LOW HITPOINT WARNIN'
* * * Ye feel very sick.
Ye take 3 damage, an' haf 2/14 hp.
MASSIVE DAMAGE!!
Ye now haf 0/2 mp.
It was a potion o' haste.
Ye feel yerself speed up.
Ye die...

#. #. #. ##+## ###.#
##...## ....### ##.....##
#..#.## ##.......##
##.##.>)..####.........#
.....r.@.....'.........+
###
##.###....####.........#
##8##### #...##
##.......##
.......####..)...##
##.....##
.........#######.# ##...##
..........## #.# ##'##
ยง.####.....# ... #.####
### ###...## ...# #....##
#
##...###...#########......


You could see a rat.

Vanquished Creatures
  A goblin (D:1)
1 creature vanquished.

Notes
Turn   | Place    | Note
-------+----------+-------------------------------------------
     0 | D:1      | ProzacElf the Minotaur Hedge Wizard began the quest for the
                  | Orb.
     0 | D:1      | Reached XP level 1. HP: 14/14 MP: 2/2
   128 | D:1      | Succumbed to a goblin's poison

Illustrated notes

Levels and vault maps discovered:
D:1:      heliophobic_arrival_dark_side_of_the_moon, layout_loops_corners,
          serial_shops, shop

Action                     || total
---------------------------++-------
  Melee: Dagger            ||     1
   Cast: Magic Dart        ||     2
    Use: Potion            ||     1
 Armour: Robe              ||     3

Action                     || total
---------------------------++-------
  Melee: Dagger            ||     1
   Cast: Magic Dart        ||     2
    Use: Potion            ||     1
 Armour: Robe              ||     3

Levels and vault maps discovered:
D:1:      heliophobic_arrival_dark_side_of_the_moon, layout_loops_corners,
          serial_shops, shop
